| TOP OF THE 1ST |
|
Reno Aces batting - Pitching for Lehigh Valley IronPigs : RHP Jeff Dailey
|
|
Pitching: RHP Jeff Dailey
|
|
|
Batting: RHB Roberto Rodriguez
|
0-0: Foul Ball, location: 2F 0-1: Ball 1-1: Ground out 6-3 (Groundball, 6M, EV 91.2 MPH)
|
|
Batting: LHB Ian Jarvis
|
0-0: Ball 1-0: Foul Ball, location: 2F 1-1: Ground out 4-3 (Groundball, 4, EV 84.4 MPH)
|
|
Batting: LHB Kevin Ferguson
|
0-0: Fly out, F8 (Flyball, 8RXD, EV 104.4 MPH)
|
| Top of the 1st over - 0 runs, 0 hits, 0 errors, 0 left on base; Reno 0 - Lehigh Valley 0 |
| BOTTOM OF THE 1ST |
|
Lehigh Valley IronPigs batting - Pitching for Reno Aces : RHP Yeong-kil Suck
|
|
Pitching: RHP Yeong-kil Suck
|
|
|
Batting: LHB Theodore Conboy
|
0-0: Ball 1-0: Foul Ball, location: 2F 1-1: Called Strike 1-2: Ball 2-2: Strikes out looking
|
|
Batting: RHB Alberto Ramirez
|
0-0: Ball 1-0: Ball 2-0: Foul Ball, location: 2F 2-1: Swinging Strike 2-2: Ball 3-2: Base on Balls
|
|
Batting: RHB Victor Arroyo
|
0-0: Ball 1-0: Called Strike 1-1: Foul Ball, location: 2F 1-2: Strikes out swinging
|
|
Batting: RHB Mark Schultz
|
0-0: SINGLE (Flyball, 8RS, EV 91.9 MPH) Alberto Ramirez to second Runner from 2nd tries for 3rd, SAFE, throw by CF made to third
|
|
Batting: LHB Jose Carlos
|
0-0: Ball 1-0: Called Strike 1-1: Ball 2-1: Ball 3-1: Called Strike 3-2: SINGLE (Flyball, 4MD, EV 83.1 MPH) Alberto Ramirez scores Mark Schultz to second Mark Schultz to third
|
|
Batting: RHB Carlos Morejon
|
0-0: Ball 1-0: Ball 2-0: Called Strike 2-1: Fielders Choice at 2nd, 5-4 (Groundball, 56, EV 80.0 MPH)
|
| Bottom of the 1st over - 1 run, 2 hits, 0 errors, 2 left on base; Reno 0 - Lehigh Valley 1 |
| TOP OF THE 2ND |
|
Reno Aces batting - Pitching for Lehigh Valley IronPigs : RHP Jeff Dailey
|
|
Batting: SHB Gerardo Flores
|
0-0: Ball 1-0: Called Strike 1-1: DOUBLE (Line Drive, 78M, EV 91.2 MPH)
|
|
Batting: LHB Jeff Densmore
|
0-0: Ball 1-0: Ball 2-0: Ball 3-0: Base on Balls
|
|
Batting: RHB Marlon Reda
|
0-0: Ball 1-0: Called Strike 1-1: Called Strike 1-2: Ball 2-2: SINGLE (Line Drive, 56D, EV 93.8 MPH) Gerardo Flores to third Jeff Densmore to second
|
|
Batting: RHB Cesar Chavez
|
0-0: Ball 1-0: Fly out, F9 (Flyball, 9D, EV 93.8 MPH) Runner from 3rd tags up, SCORES, throw by RF Jeff Densmore to third
|
|
Batting: RHB Danny Gerardo
|
0-0: Fly out, F9 (Line Drive, 89M, EV 95.6 MPH) Runner from 3rd tags up, SCORES, throw by RF
|
|
Batting: RHB Jonathan Lugo
|
0-0: Foul Ball, location: 2F 0-1: Ground out 5-3 (Groundball, 56S, EV 66.2 MPH)
|
| Top of the 2nd over - 2 runs, 2 hits, 0 errors, 1 left on base; Reno 2 - Lehigh Valley 1 |
| BOTTOM OF THE 2ND |
|
Lehigh Valley IronPigs batting - Pitching for Reno Aces : RHP Yeong-kil Suck
|
|
Batting: RHB Moritake Fukumoto
|
0-0: Called Strike 0-1: Ball 1-1: Ground out 3-1 (Groundball, 34, EV 88.8 MPH)
|
|
Batting: RHB Kyle Reilly
|
0-0: Ball 1-0: SINGLE (Line Drive, 34D, EV 105.6 MPH)
|
|
Batting: RHB Bill Moldenhauer
|
0-0: Foul Ball, location: 2F 0-1: Foul Ball, location: 2F 0-2: Ball 1-2: Foul Ball, location: 2F 1-2: Foul Ball, location: 2F 1-2: Ball 2-2: Ball 3-2: Foul Ball, location: 2F 3-2: Base on Balls Kyle Reilly to second
|
|
Batting: LHB Theodore Conboy
|
0-0: Ball 1-0: Grounds into double play, 3-6-3 (Groundball, 3, EV 102.5 MPH)
|
| Bottom of the 2nd over - 0 runs, 1 hit, 0 errors, 1 left on base; Reno 2 - Lehigh Valley 1 |
| TOP OF THE 3RD |
|
Reno Aces batting - Pitching for Lehigh Valley IronPigs : RHP Jeff Dailey
|
|
Batting: RHB Roberto Rodriguez
|
0-0: Called Strike 0-1: Foul Ball, location: 2F 0-2: Ball 1-2: Ball 2-2: Ball 3-2: Strikes out looking
|
|
Batting: LHB Ian Jarvis
|
0-0: Ball 1-0: Ball 2-0: Ball 3-0: Called Strike 3-1: Foul Ball, location: 2F 3-2: Base on Balls
|
|
Batting: LHB Kevin Ferguson
|
0-0: Ball 1-0: SINGLE (Groundball, 34, EV 90.6 MPH) (infield hit) Ian Jarvis to second
|
|
Batting: SHB Gerardo Flores
|
0-0: Called Strike 0-1: Grounds into double play, U6-3 (Groundball, 4MD, EV 87.5 MPH)
|
| Top of the 3rd over - 0 runs, 1 hit, 0 errors, 1 left on base; Reno 2 - Lehigh Valley 1 |
| BOTTOM OF THE 3RD |
|
Lehigh Valley IronPigs batting - Pitching for Reno Aces : RHP Yeong-kil Suck
|
|
Batting: RHB Alberto Ramirez
|
0-0: Called Strike 0-1: Foul Ball, location: 2F 0-2: Ball 1-2: Fly out, F5 (Popup, 5SF, EV 76.2 MPH)
|
|
Batting: RHB Victor Arroyo
|
0-0: Ball 1-0: Ball 2-0: TRIPLE (Flyball, 78XD, EV 110.6 MPH)
|
|
Batting: RHB Mark Schultz
|
0-0: SINGLE (Groundball, 4MD, EV 103.1 MPH) Victor Arroyo scores
|
|
Batting: LHB Jose Carlos
|
0-0: Fielders Choice at 2nd, 6-4 (Groundball, 6M, EV 91.2 MPH)
|
|
Batting: RHB Carlos Morejon
|
0-0: Fly out, F7 (Flyball, 7LD, EV 105.6 MPH)
|
| Bottom of the 3rd over - 1 run, 2 hits, 0 errors, 1 left on base; Reno 2 - Lehigh Valley 2 |
| TOP OF THE 4TH |
|
Reno Aces batting - Pitching for Lehigh Valley IronPigs : RHP Jeff Dailey
|
|
Batting: LHB Jeff Densmore
|
0-0: Ball 1-0: Called Strike 1-1: Ball 2-1: Ball 3-1: Base on Balls
|
|
Batting: RHB Marlon Reda
|
0-0: Ball 1-0: Called Strike 1-1: Ball 2-1: SINGLE (Groundball, 6MD, EV 97.5 MPH) Jeff Densmore to second Runner from 2nd tries for 3rd, SAFE, throw by CF made to third
|
|
Batting: RHB Cesar Chavez
|
0-0: Foul Ball, location: 2F 0-1: Foul Ball, location: 2F 0-2: Foul Ball, location: 2F 0-2: Fly out, F8 (Line Drive, 8LM, EV 93.1 MPH)
|
|
Batting: RHB Danny Gerardo
|
0-0: Ball 1-0: Foul Ball, location: 2F 1-1: Ball 2-1: Grounds into double play, 6-4-3 (Groundball, 6, EV 91.2 MPH)
|
| Top of the 4th over - 0 runs, 1 hit, 0 errors, 1 left on base; Reno 2 - Lehigh Valley 2 |
| BOTTOM OF THE 4TH |
|
Lehigh Valley IronPigs batting - Pitching for Reno Aces : RHP Yeong-kil Suck
|
|
Batting: RHB Moritake Fukumoto
|
0-0: Foul Ball, location: 2F 0-1: Ground out 6-3 (Groundball, 6, EV 76.2 MPH)
|
|
Batting: RHB Kyle Reilly
|
0-0: Ball 1-0: Called Strike 1-1: Fly out, F9 (Line Drive, 9, EV 101.9 MPH)
|
|
Batting: RHB Bill Moldenhauer
|
0-0: Ball 1-0: Called Strike 1-1: Ground out 6-3 (Groundball, 6, EV 90.6 MPH)
|
| Bottom of the 4th over - 0 runs, 0 hits, 0 errors, 0 left on base; Reno 2 - Lehigh Valley 2 |
| TOP OF THE 5TH |
|
Reno Aces batting - Pitching for Lehigh Valley IronPigs : RHP Jeff Dailey
|
|
Batting: RHB Jonathan Lugo
|
0-0: Foul Ball, location: 2F 0-1: Ball 1-1: Swinging Strike 1-2: Ground out 6-3 (Groundball, 6S, EV 72.5 MPH)
|
|
Batting: RHB Roberto Rodriguez
|
0-0: Ball 1-0: Foul Ball, location: 2F 1-1: Foul Ball, location: 2F 1-2: Fly out, F7 (Flyball, 78S, EV 75.0 MPH)
|
|
Batting: LHB Ian Jarvis
|
0-0: SINGLE (Groundball, 4MS, EV 69.4 MPH) (infield hit)
|
|
Batting: LHB Kevin Ferguson
|
0-0: Ball 1-0: Called Strike 1-1: SINGLE (Groundball, 6MD, EV 105.0 MPH) Ian Jarvis to second
|
|
Batting: SHB Gerardo Flores
|
0-0: Ball 1-0: Called Strike 1-1: SINGLE (Groundball, 34D, EV 102.5 MPH) Ian Jarvis to third Kevin Ferguson to second Runner from 3rd tries for Home, SAFE, throw by RF to home
|
|
Batting: LHB Jeff Densmore
|
0-0: Foul Ball, location: 2F 0-1: Ball Wild Pitch! Kevin Ferguson to third Gerardo Flores to second 1-1: Fly out, F8 (Flyball, 8RM, EV 92.5 MPH)
|
| Top of the 5th over - 1 run, 3 hits, 0 errors, 2 left on base; Reno 3 - Lehigh Valley 2 |
| BOTTOM OF THE 5TH |
|
Lehigh Valley IronPigs batting - Pitching for Reno Aces : RHP Yeong-kil Suck
|
|
Batting: LHB Theodore Conboy
|
0-0: Ball 1-0: Foul Ball, location: 2F 1-1: Foul Ball, location: 2F 1-2: Ball 2-2: SOLO HOME RUN (Flyball, 9LD, EV 95.0 MPH), Distance : 343 ft
|
|
Batting: RHB Alberto Ramirez
|
0-0: Called Strike 0-1: Fly out, F8 (Flyball, 8RS, EV 86.9 MPH)
|
|
Batting: RHB Victor Arroyo
|
0-0: Ball 1-0: Fly out, F9 (Flyball, 89M, EV 91.2 MPH)
|
|
Batting: RHB Mark Schultz
|
0-0: SINGLE (Line Drive, 8RS, EV 94.4 MPH)
|
|
Batting: LHB Jose Carlos
|
0-0: Fly out, F5 (Popup, 25F, EV 90.0 MPH)
|
| Bottom of the 5th over - 1 run, 2 hits, 0 errors, 1 left on base; Reno 3 - Lehigh Valley 3 |
| TOP OF THE 6TH |
|
Reno Aces batting - Pitching for Lehigh Valley IronPigs : RHP Jeff Dailey
|
|
Batting: RHB Marlon Reda
|
0-0: Ball 1-0: Foul Ball, location: 2F 1-1: Ball 2-1: Swinging Strike 2-2: Ball 3-2: Base on Balls
|
|
Batting: RHB Cesar Chavez
|
0-0: Fielders Choice at 2nd, 4-6 (Groundball, 34S, EV 85.6 MPH)
|
|
Batting: RHB Danny Gerardo
|
0-0: Ball 1-0: Fielders Choice at 2nd, 4-6 (Groundball, 4, EV 100.0 MPH)
|
|
Batting: RHB Jonathan Lugo
|
0-0: Ball 1-0: Ground out 4-3 (Groundball, 13, EV 84.4 MPH)
|
| Top of the 6th over - 0 runs, 0 hits, 0 errors, 1 left on base; Reno 3 - Lehigh Valley 3 |
| BOTTOM OF THE 6TH |
|
Lehigh Valley IronPigs batting - Pitching for Reno Aces : RHP Yeong-kil Suck
|
|
Batting: RHB Carlos Morejon
|
0-0: Swinging Strike 0-1: Ball 1-1: Foul Ball, location: 2F 1-2: Foul Ball, location: 2F 1-2: SOLO HOME RUN (Flyball, 7D, EV 107.5 MPH), Distance : 401 ft
|
|
Batting: RHB Moritake Fukumoto
|
0-0: Swinging Strike 0-1: Foul Ball, location: 2F 0-2: Ball 1-2: Ground out U3 (Groundball, 3, EV 103.1 MPH)
|
|
Batting: RHB Kyle Reilly
|
0-0: Called Strike 0-1: Fly out, F8 (Flyball, 8LM, EV 89.4 MPH)
|
|
Batting: RHB Bill Moldenhauer
|
0-0: Ball 1-0: Foul Ball, location: 2F 1-1: Called Strike 1-2: Strikes out swinging
|
| Bottom of the 6th over - 1 run, 1 hit, 0 errors, 0 left on base; Reno 3 - Lehigh Valley 4 |
| TOP OF THE 7TH |
|
Reno Aces batting - Pitching for Lehigh Valley IronPigs : RHP Jeff Dailey
|
|
Batting: RHB Roberto Rodriguez
|
0-0: Ground out 5-3 (Groundball, 56S, EV 87.5 MPH)
|
|
Batting: LHB Ian Jarvis
|
0-0: Ball 1-0: Ball 2-0: Ball 3-0: Called Strike 3-1: Fly out, F9 (Flyball, 9S, EV 90.0 MPH)
|
|
Batting: LHB Kevin Ferguson
|
0-0: Swinging Strike 0-1: Ball 1-1: Swinging Strike 1-2: Ball 2-2: Ball 3-2: SINGLE (Line Drive, 8LS, EV 97.5 MPH)
|
|
Batting: SHB Gerardo Flores
|
0-0: Called Strike Kevin Ferguson steals 2nd base 0-1: Ball 1-1: Ball 2-1: Ball 3-1: Fly out, F8 (Flyball, 8LD, EV 88.8 MPH)
|
| Top of the 7th over - 0 runs, 1 hit, 0 errors, 1 left on base; Reno 3 - Lehigh Valley 4 |
| BOTTOM OF THE 7TH |
|
Lehigh Valley IronPigs batting - Pitching for Reno Aces : RHP Yeong-kil Suck
|
|
Batting: LHB Theodore Conboy
|
0-0: Foul Ball, location: 2F 0-1: Ball 1-1: Ball 2-1: SINGLE (Line Drive, 6MD, EV 95.0 MPH)
|
|
Pitching: RHP Jose Fernandez
|
|
|
Batting: RHB Alberto Ramirez
|
0-0: Bunted foul 0-1: Bunted foul 0-2: Ball 1-2: Foul Ball, location: 2F 1-2: Foul Ball, location: 2F 1-2: Foul Ball, location: 2F 1-2: Fly out, F8 (Line Drive, 8RM, EV 90.0 MPH)
|
|
Batting: RHB Victor Arroyo
|
0-0: Foul Ball, location: 2F 0-1: Foul Ball, location: 2F 0-2: Fly out, F8 (Flyball, 8RD, EV 89.4 MPH)
|
|
Batting: RHB Mark Schultz
|
0-0: Ball Theodore Conboy steals 2nd base 1-0: Foul Ball, location: 2F 1-1: SINGLE (Line Drive, 7S, EV 110.0 MPH) Theodore Conboy to third Runner from 3rd tries for Home, SAFE, throw by LF to home
|
|
Batting: LHB Jose Carlos
|
0-0: Foul Ball, location: 2F 0-1: Foul Ball, location: 2F 0-2: SINGLE (Flyball, 8RS, EV 90.0 MPH) Mark Schultz to second
|
|
Batting: RHB Carlos Morejon
|
0-0: Ball 1-0: Ball 2-0: Ball 3-0: Called Strike 3-1: Foul Ball, location: 2F 3-2: Foul Ball, location: 2F 3-2: Strikes out swinging
|
| Bottom of the 7th over - 1 run, 3 hits, 0 errors, 2 left on base; Reno 3 - Lehigh Valley 5 |
| TOP OF THE 8TH |
|
Reno Aces batting - Pitching for Lehigh Valley IronPigs : RHP Jeff Dailey
|
|
Pitching: LHP Brian Wildrick
|
|
|
Batting: LHB Jeff Densmore
|
0-0: Foul Ball, location: 2F 0-1: Foul Ball, location: 2F 0-2: Strikes out swinging
|
|
Pitching: RHP Lucas McPhillie
|
|
|
Batting: RHB Marlon Reda
|
0-0: Ground out U3 (Groundball, 34S, EV 80.0 MPH)
|
|
Batting: RHB Cesar Chavez
|
0-0: Ball 1-0: Ball 2-0: DOUBLE (Flyball, 7LD, EV 98.1 MPH)
|
|
Batting: RHB Danny Gerardo
|
0-0: Ball 1-0: Ball 2-0: Swinging Strike 2-1: DOUBLE (Line Drive, 7LS, EV 104.4 MPH) Cesar Chavez scores
|
|
Pinch Hitting: SHB Carlos Rodriguez
|
0-0: Called Strike 0-1: Ball 1-1: Swinging Strike 1-2: Ball 2-2: Foul Ball, location: 2F 2-2: Strikes out looking
|
| Top of the 8th over - 1 run, 2 hits, 0 errors, 1 left on base; Reno 4 - Lehigh Valley 5 |
| BOTTOM OF THE 8TH |
|
Lehigh Valley IronPigs batting - Pitching for Reno Aces : RHP Jose Fernandez
|
|
Pitching: LHP Afanasy Apatenko
|
|
|
Now at 2B: Jose Sisneros
|
|
|
Batting: RHB Moritake Fukumoto
|
0-0: Called Strike 0-1: Ball 1-1: Ball 2-1: Foul Ball, location: 2F 2-2: Strikes out swinging
|
|
Batting: RHB Kyle Reilly
|
0-0: Foul Ball, location: 2F 0-1: Ball 1-1: Ball 2-1: Ball 3-1: Called Strike 3-2: Foul Ball, location: 2F 3-2: Strikes out swinging
|
|
Batting: RHB Bill Moldenhauer
|
0-0: Ball 1-0: Fly out, F7 (Flyball, 7, EV 89.4 MPH)
|
| Bottom of the 8th over - 0 runs, 0 hits, 0 errors, 0 left on base; Reno 4 - Lehigh Valley 5 |
| TOP OF THE 9TH |
|
Reno Aces batting - Pitching for Lehigh Valley IronPigs : RHP Lucas McPhillie
|
|
Pitching: RHP Andy Burchfield
|
|
|
Now at C: Benjamin Brown
|
|
|
Now at 1B: Kyle Reilly
|
|
|
Now at 2B: Jose Carlos
|
|
|
Now at SS: Marco de Leon
|
|
|
Batting: RHB Roberto Rodriguez
|
0-0: Ball 1-0: Ball 2-0: Foul Ball, location: 2F 2-1: Foul Ball, location: 2F 2-2: Ground out 5-3 (Groundball, 56, EV 78.8 MPH)
|
|
Batting: LHB Ian Jarvis
|
0-0: Foul Ball, location: 2F 0-1: Ball 1-1: Ball 2-1: SOLO HOME RUN (Flyball, 7D, EV 96.9 MPH), Distance : 389 ft
|
|
Batting: LHB Kevin Ferguson
|
0-0: Ball 1-0: Foul Ball, location: 2F 1-1: SINGLE (Flyball, 89S, EV 88.8 MPH)
|
|
Batting: SHB Gerardo Flores
|
0-0: Called Strike 0-1: Called Strike 0-2: Ball 1-2: Foul Ball, location: 2F 1-2: Ball 2-2: Strikes out swinging
|
|
Batting: LHB Jeff Densmore
|
0-0: Ball 1-0: Ground out U3 (Groundball, 3, EV 115.0 MPH)
|
| Top of the 9th over - 1 run, 2 hits, 0 errors, 1 left on base; Reno 5 - Lehigh Valley 5 |
| BOTTOM OF THE 9TH |
|
Lehigh Valley IronPigs batting - Pitching for Reno Aces : LHP Afanasy Apatenko
|
|
Batting: LHB Theodore Conboy
|
0-0: Called Strike 0-1: Foul Ball, location: 2F 0-2: Ground out 6-3 (Groundball, 6M, EV 100.6 MPH)
|
|
Batting: RHB Alberto Ramirez
|
0-0: SINGLE (Groundball, 56D, EV 98.1 MPH)
|
|
Batting: SHB Benjamin Brown
|
0-0: Called Strike Alberto Ramirez is caught stealing 2nd base 2-4 0-1: Ball 1-1: Foul Ball, location: 2F 1-2: Ball 2-2: DOUBLE (Line Drive, 7LD, EV 110.0 MPH)
|
|
Batting: RHB Mark Schultz
|
0-0: Intentional Walk
|
|
Batting: LHB Jose Carlos
|
0-0: Ball 1-0: Fielders Choice at 2nd, 6-4 (Groundball, 6, EV 78.1 MPH)
|
| Bottom of the 9th over - 0 runs, 2 hits, 0 errors, 2 left on base; Reno 5 - Lehigh Valley 5 |
| TOP OF THE 10TH |
|
Reno Aces batting - Pitching for Lehigh Valley IronPigs : RHP Andy Burchfield
|
|
Batting: RHB Marlon Reda
|
0-0: Foul Ball, location: 2F 0-1: Called Strike 0-2: Foul Ball, location: 2F 0-2: Ball 1-2: Strikes out swinging, 2-3 out at first.
|
|
Batting: RHB Cesar Chavez
|
0-0: Ball 1-0: Foul Ball, location: 2F 1-1: Foul Ball, location: 2F 1-2: Ball 2-2: Foul Ball, location: 2F 2-2: Ball 3-2: Foul Ball, location: 2F 3-2: Foul Ball, location: 2F 3-2: Strikes out swinging
|
|
Pitching: RHP Manny Cordova
|
|
|
Batting: RHB Danny Gerardo
|
0-0: Foul Ball, location: 2F 0-1: Ball 1-1: Swinging Strike 1-2: Ball 2-2: Ball 3-2: Foul Ball, location: 2F 3-2: Foul Ball, location: 2F 3-2: Ground out 6-3 (Groundball, 6, EV 87.5 MPH)
|
| Top of the 10th over - 0 runs, 0 hits, 0 errors, 0 left on base; Reno 5 - Lehigh Valley 5 |
| BOTTOM OF THE 10TH |
|
Lehigh Valley IronPigs batting - Pitching for Reno Aces : LHP Afanasy Apatenko
|
|
Pitching: RHP Mike Osgood
|
|
|
Batting: SHB Marco de Leon
|
0-0: Foul Ball, location: 2F 0-1: Swinging Strike 0-2: Strikes out swinging
|
|
Pinch Hitting: LHB Josh George
|
0-0: Ball 1-0: Fly out, F8 (Flyball, 78M, EV 96.9 MPH)
|
|
Batting: RHB Kyle Reilly
|
0-0: Swinging Strike 0-1: SINGLE (Groundball, 6MS, EV 68.8 MPH) (infield hit)
|
|
Batting: RHB Bill Moldenhauer
|
0-0: Ball 1-0: Called Strike 1-1: Foul Ball, location: 2F 1-2: Ball 2-2: Strikes out swinging
|
| Bottom of the 10th over - 0 runs, 1 hit, 0 errors, 1 left on base; Reno 5 - Lehigh Valley 5 |
| TOP OF THE 11TH |
|
Reno Aces batting - Pitching for Lehigh Valley IronPigs : RHP Manny Cordova
|
|
Now in CF: Josh George
|
|
|
Pinch Hitting: LHB Steve Reinhart
|
0-0: Foul Ball, location: 2F 0-1: Ball 1-1: Ball 2-1: Foul Ball, location: 2F 2-2: Ball 3-2: Base on Balls
|
|
Batting: RHB Roberto Rodriguez
|
0-0: Ball 1-0: Ball 2-0: Ball 3-0: Base on Balls Steve Reinhart to second
|
|
Batting: LHB Ian Jarvis
|
0-0: Ball 1-0: Bunt missed! 1-1: Bunt missed! 1-2: Foul Ball, location: 2F 1-2: Foul Ball, location: 2F 1-2: Ball 2-2: Ball 3-2: Base on Balls Steve Reinhart to third Roberto Rodriguez to second
|
|
Batting: LHB Kevin Ferguson
|
0-0: Ball 1-0: Swinging Strike 1-1: Ball 2-1: Swinging Strike 2-2: Ball 3-2: Foul Ball, location: 2F 3-2: Strikes out swinging
|
|
Batting: SHB Gerardo Flores
|
0-0: Called Strike 0-1: Swinging Strike 0-2: Ball 1-2: Strikes out looking
|
|
Pitching: RHP Alex Florez
|
|
|
Batting: LHB Jeff Densmore
|
0-0: Called Strike 0-1: Swinging Strike 0-2: Ball 1-2: Ball 2-2: Fly out, F7 (Flyball, 78M, EV 77.5 MPH)
|
| Top of the 11th over - 0 runs, 0 hits, 0 errors, 3 left on base; Reno 5 - Lehigh Valley 5 |
| BOTTOM OF THE 11TH |
|
Lehigh Valley IronPigs batting - Pitching for Reno Aces : RHP Mike Osgood
|
|
Now at 2B: Steve Reinhart
|
|
|
Batting: LHB Theodore Conboy
|
0-0: Foul Ball, location: 2F 0-1: Fly out, F6 (Line Drive, 4M, EV 71.2 MPH)
|
|
Batting: RHB Alberto Ramirez
|
0-0: Ball 1-0: Foul Ball, location: 2F 1-1: Swinging Strike 1-2: Ball 2-2: Ball 3-2: Base on Balls
|
|
Batting: SHB Benjamin Brown
|
0-0: Ball 1-0: Called Strike 1-1: Ball 2-1: Swinging Strike 2-2: Ball 3-2: Foul Ball, location: 2F 3-2: Foul Ball, location: 2F 3-2: Strikes out swinging Alberto Ramirez steals 2nd base Batter strikes out.
|
|
Batting: RHB Mark Schultz
|
0-0: Called Strike 0-1: Foul Ball, location: 2F 0-2: Ball 1-2: Foul Ball, location: 2F 1-2: Ball 2-2: Ball 3-2: Base on Balls
|
|
Pitching: LHP Tristan Morrow
|
|
|
Batting: LHB Jose Carlos
|
0-0: Ball 1-0: Ball 2-0: Fielders Choice at 2nd, 6-4 (Groundball, 6, EV 84.4 MPH)
|
| Bottom of the 11th over - 0 runs, 0 hits, 0 errors, 2 left on base; Reno 5 - Lehigh Valley 5 |
| TOP OF THE 12TH |
|
Reno Aces batting - Pitching for Lehigh Valley IronPigs : RHP Alex Florez
|
|
Batting: RHB Marlon Reda
|
0-0: Ball 1-0: Ball 2-0: Foul Ball, location: 2F 2-1: Ball 3-1: Foul Ball, location: 2F 3-2: Base on Balls
|
|
Batting: RHB Cesar Chavez
|
0-0: Bunted foul 0-1: Ball Pickoff Throw to First - Out! 1-3 CS 1-1: Ball 2-1: Foul Ball, location: 2F 2-2: Ball 3-2: Base on Balls
|
|
Batting: RHB Danny Gerardo
|
0-0: Swinging Strike 0-1: Swinging Strike 0-2: Ball 1-2: Ball 2-2: Strikes out swinging
|
|
Batting: LHB Steve Reinhart
|
0-0: Foul Ball, location: 2F 0-1: Ball 1-1: Ball Cesar Chavez steals 2nd base 2-1: Intentional Walk
|
|
Batting: RHB Roberto Rodriguez
|
0-0: Called Strike 0-1: Ball 1-1: Ball 2-1: SINGLE (Line Drive, 89S, EV 99.4 MPH) Cesar Chavez to third Steve Reinhart to second
|
|
Batting: LHB Ian Jarvis
|
0-0: Ball 1-0: Called Strike 1-1: Called Strike 1-2: Ball 2-2: Ground out 4-3 (Groundball, 4, EV 90.6 MPH)
|
| Top of the 12th over - 0 runs, 1 hit, 0 errors, 3 left on base; Reno 5 - Lehigh Valley 5 |
| BOTTOM OF THE 12TH |
|
Lehigh Valley IronPigs batting - Pitching for Reno Aces : LHP Tristan Morrow
|
|
Batting: SHB Marco de Leon
|
0-0: Called Strike 0-1: Foul Ball, location: 2F 0-2: Ball 1-2: Foul Ball, location: 2F 1-2: Ball 2-2: Ball 3-2: Foul Ball, location: 2F 3-2: Foul Ball, location: 2F 3-2: Base on Balls
|
|
Batting: LHB Josh George
|
0-0: Ball 1-0: Fielders Choice at 2nd, U6 (Groundball, 4M, EV 109.4 MPH)
|
|
Batting: RHB Kyle Reilly
|
0-0: Ball 1-0: Called Strike 1-1: Ball Josh George is caught stealing 2nd base 2-4 2-1: Ground out 5-3 (Groundball, 56, EV 106.2 MPH)
|
| Bottom of the 12th over - 0 runs, 0 hits, 0 errors, 0 left on base; Reno 5 - Lehigh Valley 5 |
| TOP OF THE 13TH |
|
Reno Aces batting - Pitching for Lehigh Valley IronPigs : RHP Alex Florez
|
|
Batting: LHB Kevin Ferguson
|
0-0: Called Strike 0-1: Called Strike 0-2: Ball 1-2: Strikes out swinging
|
|
Batting: SHB Gerardo Flores
|
0-0: Ball 1-0: Foul Ball, location: 2F 1-1: Reached on error, E2 (Groundball, 13S, EV 70.0 MPH)
|
|
Batting: LHB Jeff Densmore
|
0-0: Ground out 4-3 (Groundball, 4, EV 101.9 MPH) Gerardo Flores to third
|
|
Batting: RHB Marlon Reda
|
0-0: Ball 1-0: Ball 2-0: Called Strike 2-1: Ball 3-1: Foul Ball, location: 2F 3-2: Fly out, F7 (Flyball, 7S, EV 87.5 MPH)
|
| Top of the 13th over - 0 runs, 0 hits, 1 error, 1 left on base; Reno 5 - Lehigh Valley 5 |
| BOTTOM OF THE 13TH |
|
Lehigh Valley IronPigs batting - Pitching for Reno Aces : LHP Tristan Morrow
|
|
Batting: RHB Bill Moldenhauer
|
0-0: Ground out 6-3 (Groundball, 6, EV 99.4 MPH)
|
|
Batting: LHB Theodore Conboy
|
0-0: SINGLE (Line Drive, 9S, EV 106.9 MPH)
|
|
Batting: RHB Alberto Ramirez
|
0-0: Ball 1-0: SINGLE (Line Drive, 78S, EV 96.9 MPH) Theodore Conboy to second
|
|
Batting: SHB Benjamin Brown
|
0-0: Foul Ball, location: 2F 0-1: Swinging Strike 0-2: Strikes out swinging
|
|
Batting: RHB Mark Schultz
|
0-0: Ground out 5-3 (Groundball, 56S, EV 58.8 MPH)
|
| Bottom of the 13th over - 0 runs, 2 hits, 0 errors, 2 left on base; Reno 5 - Lehigh Valley 5 |
| TOP OF THE 14TH |
|
Reno Aces batting - Pitching for Lehigh Valley IronPigs : RHP Alex Florez
|
|
Batting: RHB Cesar Chavez
|
0-0: Called Strike 0-1: Foul Ball, location: 2F 0-2: Ball 1-2: Ground out 6-3 (Groundball, 6, EV 78.1 MPH)
|
|
Batting: RHB Danny Gerardo
|
0-0: Called Strike 0-1: SINGLE (Flyball, 8LS, EV 83.8 MPH)
|
|
Pitching: RHP Yuichi Nozawa
|
|
|
Batting: LHB Steve Reinhart
|
0-0: Ball 1-0: Hit by Pitch Danny Gerardo to second
|
|
Batting: RHB Roberto Rodriguez
|
0-0: Foul Ball, location: 2F 0-1: Called Strike 0-2: Strikes out swinging
|
|
Batting: LHB Ian Jarvis
|
0-0: Foul Ball, location: 2F 0-1: Foul Ball, location: 2F 0-2: Ground out 4-3 (Groundball, 4M, EV 103.8 MPH)
|
| Top of the 14th over - 0 runs, 1 hit, 0 errors, 2 left on base; Reno 5 - Lehigh Valley 5 |
| BOTTOM OF THE 14TH |
|
Lehigh Valley IronPigs batting - Pitching for Reno Aces : LHP Tristan Morrow
|
|
Pitching: RHP Marco Rodriguez
|
|
|
Batting: LHB Jose Carlos
|
0-0: Foul Ball, location: 2F 0-1: Ball 1-1: Ball 2-1: Ball 3-1: Base on Balls
|
|
Batting: SHB Marco de Leon
|
0-0: Swinging Strike 0-1: Ball 1-1: Foul Ball, location: 2F 1-2: Foul Ball, location: 2F 1-2: Foul Ball, location: 2F 1-2: Foul Ball, location: 2F 1-2: Strikes out looking
|
|
Batting: LHB Josh George
|
0-0: Swinging Strike 0-1: Ball 1-1: Ball 2-1: Foul Ball, location: 2F 2-2: Foul Ball, location: 2F 2-2: Ball 3-2: Strikes out looking Jose Carlos is caught stealing 2nd base 2-6 Batter strikes out.
|
| Bottom of the 14th over - 0 runs, 0 hits, 0 errors, 0 left on base; Reno 5 - Lehigh Valley 5 |
| TOP OF THE 15TH |
|
Reno Aces batting - Pitching for Lehigh Valley IronPigs : RHP Yuichi Nozawa
|
|
Batting: LHB Kevin Ferguson
|
0-0: Called Strike 0-1: DOUBLE (Line Drive, 78D, EV 101.2 MPH)
|
|
Batting: SHB Gerardo Flores
|
0-0: Ball 1-0: Ball 2-0: Swinging Strike 2-1: Ground out 3-1 (Groundball, 34S, EV 86.9 MPH) Kevin Ferguson to third
|
|
Batting: LHB Jeff Densmore
|
0-0: Fly out, F7 (Flyball, 7LS, EV 90.6 MPH) Runner from 3rd tags up, SCORES, throw by LF
|
|
Batting: RHB Marlon Reda
|
0-0: Called Strike 0-1: Ball 1-1: SINGLE (Groundball, 34D, EV 95.0 MPH)
|
|
Batting: RHB Cesar Chavez
|
0-0: Ball 1-0: Called Strike 1-1: Fly out, F5 (Popup, 5F, EV 65.6 MPH)
|
| Top of the 15th over - 1 run, 2 hits, 0 errors, 1 left on base; Reno 6 - Lehigh Valley 5 |
| BOTTOM OF THE 15TH |
|
Lehigh Valley IronPigs batting - Pitching for Reno Aces : RHP Marco Rodriguez
|
|
Now in LF: Roberto Rodriguez
|
|
|
Now in RF: Dan Boylan
|
|
|
Batting: RHB Kyle Reilly
|
0-0: Swinging Strike 0-1: Called Strike 0-2: Strikes out swinging
|
|
Batting: RHB Bill Moldenhauer
|
0-0: Called Strike 0-1: Swinging Strike 0-2: SOLO HOME RUN (Flyball, 8LXD, EV 106.9 MPH), Distance : 417 ft
|
|
Batting: LHB Theodore Conboy
|
0-0: Ball 1-0: Called Strike 1-1: SOLO HOME RUN (Flyball, 9LD, EV 93.1 MPH), Distance : 346 ft
|
| Bottom of the 15th over - 2 runs, 2 hits, 0 errors, 0 left on base; Reno 6 - Lehigh Valley 7 |
|